Map: Odyssey LE

Players

Xanadew - Winner!

  • Race: Zerg Zerg
  • League: Platinum
  • Spawn Location: 5:00

Yata

  • Race: Zerg Zerg
  • League: Platinum
  • Spawn Location: 11:00

VOD

Have the link to the VOD?

Description

Time

  • Played on: Oct. 23, 2017, 5:07 p.m.
  • Length: 16:58
Show
View Real Time Build Order
Export as new Build Order

Xanadew Zerg - Winner!

Build Orders: Hatch First 

Get SALT Encoding   

  12  0:01  Drone  
  13  0:13  Drone  
  14  0:17  Overlord  
  14  0:35  Drone x2  
  14  0:36  Drone  
  17  0:55  Drone  
  18  0:58  Hatchery  
  18  1:00  Drone  
  18  1:16  Overlord  
  18  1:21  Spawning Pool  
  18  1:22  Extractor  
  16  1:30  Overlord  
  16  1:38  Drone  
  17  1:49  Drone  
  17  1:52  Drone  
  19  2:02  Drone  
  20  2:11  Queen  
  20  2:12  Queen  
  20  2:14  Zergling x4  
  26  2:24  Spine Crawler  
  26  2:28  Spine Crawler  
  26  2:29  Zergling x2  
  25  2:31  Zergling x2  
  26  2:40  Zergling x4  
  26  2:43  Drone  
  29  2:46  Drone  
  30  2:54  Drone  
  30  2:56  Drone  
  32  3:05  Drone  
  32  3:07  Drone  
  34  3:19  Drone x2  
  36  3:21  Lair  
  36  3:24  Extractor  
  35  3:27  Drone  
  35  3:28  Drone x3  
  35  3:29  Drone  
  40  4:02  Drone  
  41  4:03  Drone x2  
  43  4:11  Extractor, Drone  
  43  4:12  Extractor, Drone x2  
  43  4:15  Overlord x3  
  44  4:27  Spine Crawler x2  
  44  4:30  Spire  
  41  4:51  Drone x2  
  41  4:52  Drone x5  
  47  5:13  Spine Crawler  
  46  5:15  Queen  
  46  5:18  Spine Crawler  
  47  5:37  Evolution Chamber x2  
  47  5:42  Mutalisk  
  45  5:43  Mutalisk x7  
  61  5:55  Drone x3  
  64  5:57  Drone  
  64  5:58  Drone x2  
  64  6:01  Metabolic Boost  
  64  6:04  Zerg Flyer Weapons Level 1  
  67  6:06  Zerg Melee Weapons Level 1  
  67  6:31  Zerg Ground Armor Level 1, Zergling x2  
  68  6:34  Overlord x4  
  68  6:49  Hatchery  
  68  6:50  Drone  
  68  6:51  Extractor  
  68  6:52  Drone  
  68  7:22  Mutalisk  
  65  7:23  Mutalisk x6  
  65  7:26  Zergling x10  
  80  7:50  Queen  
  82  7:59  Spine Crawler  
  82  8:04  Spine Crawler, Drone x6  
  86  8:24  Drone x2  
  88  8:28  Mutalisk x2  
  88  8:31  Zerg Flyer Weapons Level 2  
  88  8:34  Zerg Melee Weapons Level 2  
  92  8:36  Zerg Ground Armor Level 2  
  92  8:52  Spine Crawler, Drone  
  92  8:53  Spine Crawler x2, Drone x2  
  92  8:54  Drone  
  93  8:58  Drone x2  
  93  9:01  Drone  
  92  9:16  Queen  
  92  9:20  Zergling x2  
  92  9:21  Zergling x8  
  99  9:30  Overlord  
  99  9:31  Overlord  
  99  9:39  Mutalisk x3  
  99  9:41  Zergling x2  
  106  9:49  Spine Crawler  
  106  9:51  Drone  
  106  9:52  Drone x5  
  111  9:54  Spine Crawler  
  110  10:02  Mutalisk x2  
  110  10:03  Mutalisk x3  
  110  10:04  Mutalisk  
  122  10:08  Overlord  
  122  10:21  Infestation Pit  
  121  10:24  Extractor  
  121  10:25  Zergling x4  
  121  10:27  Zergling x10  
  127  10:30  Overlord  
  127  10:48  Overlord, Corruptor  
  127  10:49  Overlord  
  121  11:26  Mutalisk x4  
  121  11:27  Mutalisk x6  
  141  11:35  Zerg Flyer Armor Level 1  
  141  11:41  Zergling x2  
  141  11:42  Zergling x16  
  140  12:27  Hive  
  140  12:32  Zergling x2  
  140  12:33  Zergling x2  
  140  12:34  Mutalisk x2, Zergling x6  
  140  12:35  Mutalisk  
  151  12:51  Hatchery  
  150  13:23  Overlord x4  
  150  13:24  Overlord x2  
  150  13:38  Overlord x2  
  150  13:44  Corruptor x2  
  150  13:45  Corruptor x2  
  158  13:48  Greater Spire  
  158  13:51  Zerg Ground Armor Level 3, Zerg Melee Weapons Level 3  
  158  13:59  Hatchery  
  155  14:26  Spine Crawler  
  155  14:27  Spine Crawler  
  155  14:29  Spine Crawler  
  155  14:31  Spine Crawler  
  151  14:34  Corruptor  
  151  14:35  Corruptor  
  151  14:37  Queen  
  157  14:41  Extractor  
  157  14:42  Drone x4  
  157  14:45  Extractor  
  159  14:52  Corruptor x3  
  165  15:03  Brood Lord x4  
  165  15:04  Brood Lord  
  175  15:10  Brood Lord  
  177  15:14  Brood Lord  
  179  15:23  Drone  
  179  15:24  Drone x4  
  179  15:28  Brood Lord  
  186  15:32  Brood Lord  
  188  15:40  Brood Lord  
  190  15:43  Zergling x2  
  190  15:44  Zergling x10  
Show
View Real Time Build Order
Export as new Build Order

Yata Zerg 

Build Orders: Hatch First 

Get SALT Encoding   

  12  0:00  Drone  
  13  0:12  Overlord  
  13  0:16  Drone  
  14  0:30  Drone  
  14  0:31  Drone  
  14  0:34  Drone  
  17  0:54  Hatchery  
  17  0:56  Drone  
  17  1:00  Drone  
  18  1:10  Extractor  
  17  1:15  Spawning Pool  
  17  1:17  Drone  
  17  1:21  Drone  
  18  1:28  Drone  
  19  1:38  Overlord  
  19  1:49  Drone  
  20  2:01  Drone  
  21  2:03  Queen  
  21  2:06  Queen  
  25  2:11  Zergling x4  
  27  2:16  Metabolic Boost  
  27  2:19  Drone  
  28  2:23  Zergling x2  
  29  2:30  Overlord  
  29  2:35  Drone  
  30  2:40  Drone  
  30  2:41  Baneling Nest  
  30  2:50  Drone x2  
  32  2:55  Drone  
  33  3:03  Drone  
  34  3:13  Drone x5  
  39  3:21  Zergling x8  
  43  3:41  Baneling x4  
  43  3:44  Drone  
  43  3:46  Overlord x3  
  44  3:53  Hatchery  
  43  4:05  Drone x2  
  43  4:06  Drone  
  43  4:09  Zergling x6  
  49  4:11  Zergling x2  
  49  4:12  Zergling x2  
  49  4:16  Queen  
  53  4:24  Drone  
  53  4:25  Drone  
  53  4:27  Extractor  
  54  4:45  Drone  
  54  4:46  Drone x6  
  56  5:08  Drone x7  
  63  5:15  Spore Crawler  
  63  5:17  Spore Crawler  
  63  5:18  Spore Crawler  
  63  5:20  Spore Crawler  
  59  5:22  Spore Crawler  
  59  5:23  Lair  
  59  5:26  Zergling x2  
  59  5:27  Zergling x6  
  62  5:31  Zergling x4  
  62  5:33  Queen  
  66  5:41  Baneling  
  66  5:42  Baneling x2  
  66  5:48  Zergling x8  
  70  6:00  Zergling x2  
  70  6:01  Zergling x8, Roach Warren  
  70  6:03  Overlord x4  
  73  6:11  Queen  
  72  6:23  Zergling x2  
  72  6:24  Zergling x16  
  80  6:32  Queen  
  82  6:36  Queen  
  84  6:42  Zergling x4  
  84  6:43  Zergling x8  
  90  6:47  Glial Reconstitution  
  90  7:00  Baneling x2  
  90  7:01  Baneling x2  
  90  7:02  Zergling x16  
  90  7:08  Roach x3  
  92  7:24  Zergling x14  
  88  7:31  Zergling x2  
  88  7:32  Zergling x4  
  84  7:45  Roach  
  84  7:46  Roach x4  
  94  7:53  Queen  
  94  7:54  Hydralisk Den, Queen  
  94  7:55  Queen  
  99  8:03  Roach x3  
  99  8:05  Overlord x3  
  105  8:17  Overlord  
  105  8:18  Overlord x3  
  105  8:40  Hydralisk x2  
  105  8:41  Hydralisk  
  109  8:44  Zergling x6  
  109  8:45  Zergling x14  
  123  8:55  Roach  
  123  8:56  Roach x2  
  123  9:00  Extractor  
  123  9:01  Drone x3  
  123  9:02  Extractor  
  112  9:13  Baneling  
  112  9:14  Spore Crawler  
  112  9:15  Queen  
  112  9:16  Queen x2  
  114  9:18  Hydralisk  
  114  9:19  Hydralisk  
  118  9:25  Drone x3  
  121  9:35  Roach x4  
  129  9:40  Zergling x10  
  129  9:41  Zergling x14  
  141  10:04  Evolution Chamber  
  141  10:05  Evolution Chamber  
  141  10:06  Zergling x4  
  141  10:07  Zergling x8  
  145  10:12  Queen  
  145  10:13  Queen  
  145  10:14  Queen  
  149  10:16  Hydralisk  
  149  10:19  Overlord x4  
  149  10:20  Overlord  
  153  10:24  Muscular Augments  
  153  10:28  Baneling x3  
  153  10:29  Baneling x10  
  153  10:38  Hydralisk  
  153  10:39  Hydralisk  
  157  10:48  Zerg Melee Weapons Level 1, Queen  
  150  11:10  Zergling x2  
  137  11:11  Zergling x24  
  137  11:12  Zergling x2  
  137  11:13  Zergling x12  
  150  11:21  Hydralisk  
  150  11:22  Hydralisk x4  
  160  11:39  Queen  
  160  11:40  Queen  
  160  11:42  Queen  
  160  11:45  Drone x13  
  159  11:56  Hydralisk  
  159  11:59  Hatchery  
  160  12:08  Hydralisk  
  160  12:09  Hydralisk x2  
  160  12:13  Hydralisk  
  160  12:15  Queen  
  160  12:32  Queen  
  162  12:45  Zerg Missile Weapons Level 1  
  162  12:46  Zerg Ground Armor Level 1  
  162  12:51  Queen  
  162  12:56  Hydralisk  
  162  12:57  Hydralisk x8  
  182  13:29  Roach x2  
  182  13:31  Overlord x2  
  182  13:32  Overlord x7  
  182  13:33  Overlord  
  186  13:51  Hatchery  
  177  14:03  Hatchery  
  177  14:06  Hydralisk x5  
  174  14:22  Infestation Pit  
  173  14:36  Drone x9  
  182  14:50  Extractor  
  182  14:52  Extractor  
  180  15:24  Hydralisk  
  180  15:25  Hydralisk x9  
  200  15:53  Hatchery  
Tags
 
Matchup
ZvZ
Race
Zerg
Replay Pack
Pack 1
Spawn Locations
Cross Positions
Add a new tag
Caveats
  • Supply blocks, unpowered buildings, or Contaminate may cause inaccurate times.
  • Supply counts are checked every 10 seconds.